[Event "87th Spanish Championship 2022"]
[Site "Linares"]
[Date "2022.08.13"]
[Round "4.25"]
[White "Garrido Outon, Alex"]
[Black "Garrido Diaz, Ernesto"]
[Result "1-0"]
[ECO "C81"]
[WhiteElo "2436"]
[BlackElo "2146"]
[Annotator "TA"]
[PlyCount "77"]
[EventDate "2022.08.11"]
[EventType "swiss"]
[EventCountry "ESP"]
[SourceTitle "playchess.com"]
[Source "ChessBase"]
[SourceQuality "1"]
[TimeControl "5400+30"]

1. e4 e5 2. Nf3 Nc6 3. Bb5 a6 4. Ba4 Nf6 5. O-O Nxe4 6. d4 b5 7. Bb3 d5 8. dxe5 Be6 9. Qe2 Be7 10. Rd1 O-O 11. c4 bxc4 12. Bxc4 Bc5 13. Be3 Bxe3 14. Qxe3 Qb8 15. Bb3 Na5 16. Nbd2 Qa7 17. Nd4 {[%emt 0:08:13] C81: Open Ruy Lopez: Keres Variation (9 Qe2).} Nxd2 18. Qxd2 Nxb3 19. Nxb3 {[%emt 0:00:51] White has an edge.} c5 20. Rac1 {[%emt 0:00:05] [#]} Rfc8 $146 ({Predecessor:} 20... Rac8 21. Qg5 c4 22. Nd4 Rc5 23. Qd2 Qb6 24. h3 f6 25. Qe3 Rcc8 26. Re1 Rce8 {½-½ (57) Lee,A (2291)-Grey,P (2000) San Francisco 2012}) 21. Qa5 c4 22. Nd4 Rab8 23. Qc3 Qe7 24. f4 g6 {[%emt 0:03:41][%cal Oa6a5] Prevents f5.} 25. Rd2 Kh8 26. Rf2 {[%emt 0:05:01] White is more active.} Rb6 ({Better is} 26... Qb4 $14) 27. h3 $1 $16 f5 (27... Bf5 $142) 28. exf6 Qxf6 29. Re1 Bf5 30. Re5 Be4 31. Ne6 $40 {[%emt 0:00:42][%mdl 128] White attacks with force.} ({White should play} 31. Ne2 $1) 31... Kg8 {[%emt 0:02:40] [#]} (31... h6 $16) 32. Ng5 (32. f5 $1 $18 ) 32... Rd6 (32... Bd3 $16) 33. Rd2 $18 ({Don't do} 33. Nxe4 $6 dxe4 34. Qe3 (34. Rxe4 Rd1+ 35. Kh2 Qxc3 $16) 34... Rcd8 35. Qxe4 Rd4 $16) 33... Bb1 (33... a5 $142 34. Qd4 (34. Nxe4 dxe4 35. Rxd6 Qxd6 $18) (34. Qxa5 Qd8 $18) 34... Rdc6 35. Nxe4 dxe4 36. Qxe4 Rd6) 34. Rdxd5 ({Weaker is} 34. Rexd5 Qxc3 35. bxc3 Rxd5 36. Rxd5 Bxa2 $16) 34... h6 $2 {[%emt 0:05:37] [#]} (34... Rxd5 35. Re8+ (35. Rxd5 Qxc3 36. bxc3 Bxa2 $14) 35... Rxe8 36. Qxf6 Rd1+ 37. Kh2 Rd7) 35. Rxd6 $2 (35. Qd4 $1 hxg5 36. Rxd6 Qxf4 37. Rd8+ Rxd8 38. Qxd8+ Qf8 39. Re8 Qxe8 40. Qxe8+ Kg7 41. Qe7+ Kg8 42. Qe6+ Kg7 43. Qxc4) 35... Qxd6 {[%emt 0:00:11] [#]} 36. Re8+ $3 Rxe8 37. Qxc4+ Re6 38. Nxe6 {[%emt 0:00:10] White threatens Ng5+ and mate.} Bd3 39. Qd4 {[%emt 0:00:25] Weighted Error Value: White=0.47/Black=0.28 (precise)} 1-0

[Event "87th Spanish Championship 2022"]
[Site "Linares"]
[Date "2022.08.13"]
[Round "4.26"]
[White "Garcia Ramos, Daniel"]
[Black "Pomes Marcet, Juan"]
[Result "1-0"]
[ECO "A25"]
[WhiteElo "2438"]
[BlackElo "2233"]
[Annotator "TA"]
[PlyCount "155"]
[EventDate "2022.08.11"]
[EventType "swiss"]
[EventCountry "ESP"]
[SourceTitle "playchess.com"]
[Source "ChessBase"]
[SourceQuality "1"]
[TimeControl "5400+30"]

1. c4 e5 2. Nc3 d6 3. g3 Nc6 4. Bg2 Be6 5. Nd5 Qd7 6. e3 {[%emt 0:00:29] A25: English Opening vs King's Indian with ...Nc6 but without early d3.} Nd8 7. d3 (7. e4 $14) 7... c6 $11 8. Nc3 {[%emt 0:00:04] The position is equal.} Nf6 {[%emt 0:04:10] [#]} 9. Nf3 $146 ({Predecessor:} 9. h3 h6 10. Nge2 d5 11. cxd5 cxd5 12. d4 Bd6 13. dxe5 Bxe5 14. f4 Bxc3+ 15. Nxc3 {1-0 (27) Gonzalez Rodriguez,J-Silva Ortiz,M Bogota 1986}) 9... Bh3 10. O-O Bxg2 11. Kxg2 g6 12. e4 Bg7 13. Be3 Ne6 14. d4 exd4 15. Nxd4 O-O 16. Qf3 Rfe8 17. Nb3 {[%emt 0:02:14] Inhibits Nc5.} Qe7 18. Rfe1 Nd7 (18... h5 {seems wilder.} 19. Rad1 Ng4 20. Bd4 Be5) 19. Rad1 h5 20. Qe2 Ndc5 21. Nd4 a5 (21... Nf8 $5 ) 22. Qd2 Nxd4 23. Bxd4 Bxd4 24. Qxd4 Rad8 25. Re2 Qe5 26. Qd2 Kg7 27. f4 Qf6 28. Qe3 b6 29. h4 Qe6 30. b3 f6 31. Qf3 Qg4 32. Red2 Re6 33. Rd4 Kf7 34. Qf2 Nxe4 35. Nxe4 $14 Rxe4 36. Rxe4 Qxd1 $11 {[%emt 0:00:06][%mdl 4096] Endgame KQR-KQR} 37. Re1 Qd3 38. Qxb6 {[%emt 0:00:15] White wants to mate with Qc7+.} Qd2+ 39. Kf1 {[%emt 0:00:05] Threatening mate with Qc7+.} Re8 40. Rxe8 {[%emt 0:01:00] Chess con chili.} Kxe8 41. Qxc6+ $14 {[%emt 0:00:03] KQ-KQ} Ke7 42. Qe4+ Kd7 $1 43. f5 (43. Qe2 $5 Qd4 44. Qc2 $14) 43... Qd1+ 44. Kg2 (44. Kf2 $14 g5 45. hxg5 (45. Qe6+ Kc7 $16) 45... fxg5 46. Qe6+ Kd8 47. Qf6+ Kc8 48. Qf8+ (48. Qxg5 Qc2+ 49. Kg1 Qd1+ 50. Kh2 Qe2+ 51. Kg1 Qe1+ 52. Kh2 Qe2+ 53. Kh3 Qf1+ 54. Kh2 Qe2+ $11) 48... Kd7 49. Qf7+ (49. Qg7+ Kc6 $14) 49... Kd8 50. Qf6+ Kc8 51. Qb2 (51. Qxg5 Qc2+ 52. Kg1 Qd1+ 53. Kh2 Qe2+ 54. Kh3 Qf1+ 55. Kh2 Qe2+ 56. Kg1 Qe1+ 57. Kh2 Qe2+ $11)) 44... gxf5 (44... g5 $1 $11) 45. Qxf5+ $16 Ke7 46. Qe4+ (46. Qxa5 $6 Qe2+ 47. Kh3 Qg4+ 48. Kg2 Qe2+ 49. Kh1 Qd1+ 50. Kg2 Qe2+ $11) 46... Kd7 (46... Kf8 $16) 47. Kh2 $2 (47. Qf5+ Ke7 48. Qe4+ (48. Qxa5 Qe2+ 49. Kg1 Qe3+ 50. Kh1 Qf3+ 51. Kh2 Qe2+ 52. Kh3 Qg4+ 53. Kh2 Qe2+ 54. Kh3 Qg4+ 55. Kh2 Qe2+ $11) 48... Kd7 $16) (47. Kf2 $18) 47... Qd2+ $11 48. Qg2 Qd1 49. Qf2 Ke7 50. Kg2 Kf7 (50... Qd3 $14) 51. Qf3 $1 $16 (51. Qa7+ Kg6) 51... Qd2+ 52. Kh3 Kg6 53. Qe4+ (53. g4 $1 $16 ) 53... Kg7 $1 $14 54. Qe7+ Kg6 55. Qe4+ Kg7 $1 56. a3 ({White should try} 56. g4 $14) 56... Qd1 $11 57. b4 Qf1+ ({But not} 57... axb4 58. axb4 Qg1 59. b5 $16) 58. Kh2 axb4 ({Better is} 58... a4 $14) 59. axb4 $16 {[%emt 0:00:02] aiming for b5.} Qf2+ (59... Kf7 $16 60. b5 f5) 60. Qg2 $18 Qd4 61. Qc2 $1 {[%emt 0:00:40] And now c5 would win.} Kf7 62. Qe2 Kf8 {[%emt 0:00:37] [#]} 63. Kg2 $2 ({Weaker is} 63. Qxh5 Qf2+ 64. Kh3 Qf1+ 65. Kh2 Qf2+ 66. Kh3 Qf1+ 67. Kh2 Qf2+ $11) (63. b5 $1 $18) 63... Kg7 $2 (63... d5 $16 {was worth a try.}) 64. b5 ({Don't take} 64. Qxh5 $6 Qe4+ 65. Kh2 Qxc4 $16) 64... Kg6 65. Qe8+ Kh6 $2 (65... Kg7 66. Qxh5 Qxc4) 66. Qh8+ Kg6 {[%emt 0:00:07] [#]} 67. Qg8+ $1 Kh6 68. Qd5 {[%emt 0:00:08] Inhibits Qe4+.} Qb2+ 69. Kf3 Qc3+ $2 (69... Kg7 70. Qd3 Qb4) 70. Kf4 Kg6 71. Qe4+ Kg7 72. b6 (72. Kf5 $142 Qxg3 73. Qe7+ Kh8 74. Qxf6+ Kh7 75. Ke6) 72... Qd2+ 73. Qe3 Qb4 74. Kf5 {[%emt 0:00:13] White threatens Qe7+ and mate.} Qb1+ 75. Ke6 {[%emt 0:00:10] White mates.} Qb4 76. Qd4 Qb3 77. Qxf6+ Kg8 78. Qg6+ {[%emt 0:00:15] Weighted Error Value: White=0.20 (precise) /Black=0.16 (very precise)} 1-0

[Event "87th Spanish Championship 2022"]
[Site "Linares"]
[Date "2022.08.13"]
[Round "4.27"]
[White "Moral Garcia, Serafin"]
[Black "Gonzalez Perez, Arian"]
[Result "0-1"]
[ECO "A04"]
[WhiteElo "2237"]
[BlackElo "2418"]
[Annotator "TA"]
[PlyCount "110"]
[EventDate "2022.08.11"]
[EventType "swiss"]
[EventCountry "ESP"]
[SourceTitle "playchess.com"]
[Source "ChessBase"]
[SourceQuality "1"]
[TimeControl "5400+30"]

1. Nf3 c5 2. b3 b6 3. Bb2 Bb7 4. e3 e6 5. Be2 Nf6 6. O-O Be7 7. c4 O-O 8. d4 cxd4 9. Nxd4 a6 10. Nc3 {[%emt 0:01:56] A30: Symmetrical English: Double Fianchetto and Hedgehog.} d6 11. Bf3 Qc7 12. Qe2 {[%emt 0:03:38] White is slightly better.} Nbd7 13. Rfd1 Ne5 14. Bxb7 Qxb7 {[%emt 0:04:38] [#]} 15. f4 $146 ({Predecessor:} 15. Rd2 Rfc8 16. Rad1 Rc7 17. Rc2 Rac8 18. Rdc1 Ne4 19. Nxe4 Qxe4 20. Ba3 Bf8 21. f3 {0-1 (42) Abolianin,A (2275)-Rotstein,A (2493) Montpellier 1999}) 15... Ned7 16. f5 e5 17. Nc2 Rfc8 18. Nb4 $1 Bf8 19. Nbd5 b5 20. cxb5 axb5 21. a3 ({Much worse is} 21. Qxb5 Qxb5 22. Nxf6+ (22. Nxb5 Nxd5 23. Rxd5 Rc2 $11) 22... Nxf6 $11) (21. Nxf6+ $1 $14 Nxf6 22. Nxb5 (22. Qxb5 Qxb5 23. Nxb5 Rc2 $11)) 21... Nxd5 22. Nxd5 Nc5 23. b4 Na4 24. Rac1 {Inhibits Rc4.} Rc4 (24... Rxc1 $11 25. Bxc1 Rc8) 25. Rxc4 $16 bxc4 26. Qc2 (26. e4 $14) 26... Nb6 $1 $11 27. Nxb6 Qxb6 28. Qxc4 {[%emt 0:02:45] White wants to play Rd3.} Qxe3+ 29. Kh1 Qf2 30. Qe4 Rc8 31. Bc1 Rc2 $40 {[%emt 0:05:15][%mdl 128] White must now prevent ...Re2. Black has some attack.} 32. Qf3 Qh4 33. h3 {[%emt 0:04:56] White is on the road to losing.} (33. Qd3 $15 Qf2 34. Qf3) 33... Qc4 $17 34. Qf1 {[%emt 0:00:31] [#]} (34. Bg5 $17) 34... Qxf1+ $1 $19 35. Rxf1 {[%emt 0:00:00][%mdl 4096] Endgame KRB-KRB} d5 36. Rd1 {[%emt 0:01:48] [#]} d4 $1 37. Kg1 f6 38. Kf1 g6 39. fxg6 hxg6 40. Bd2 Ra2 41. Be1 Rxa3 42. Rb1 Ra7 43. b5 Rb7 44. b6 Kf7 ({Stronger than} 44... Bc5 45. Rb5 $17) 45. Ke2 Ke6 46. Ba5 Kd5 47. g4 Bc5 48. h4 e4 49. h5 gxh5 50. gxh5 f5 {[%emt 0:00:02][%cal Bf6f5,Bf5f4,Bf4f3,Bf3f2][%mdl 32] And now ...d3+ would win.} 51. h6 f4 52. Rh1 f3+ 53. Kf2 d3+ 54. Kg3 f2 {[%emt 0:00:11] Hoping for ...e3.} 55. Kg2 e3 {[%emt 0:00:06] Weighted Error Value: White=0.66/Black=0.09 (flawless)} 0-1

[Event "87th Spanish Championship 2022"]
[Site "Linares"]
[Date "2022.08.13"]
[Round "4.28"]
[White "Castellanos Gomez, Alejandro"]
[Black "Garza Marco, Sergio"]
[Result "1/2-1/2"]
[ECO "A45"]
[WhiteElo "2266"]
[BlackElo "2408"]
[Annotator "TA"]
[PlyCount "133"]
[EventDate "2022.08.11"]
[EventType "swiss"]
[EventCountry "ESP"]
[SourceTitle "playchess.com"]
[Source "ChessBase"]
[SourceQuality "1"]
[TimeControl "5400+30"]

1. d4 Nf6 2. Bf4 b6 3. e3 Bb7 4. Nf3 c5 5. h3 g6 6. Be2 Bg7 7. O-O O-O 8. a4 a6 9. Nbd2 d6 10. c3 Nbd7 11. Re1 Qc7 12. Bh2 Rad8 {[%emt 0:05:04] [#] 12...Bc6 is the modern continuation. A48: 1 d4 Nf6 2 Nf3 g6: Torre, London and Colle Systems.} 13. b4 $146 ({Predecessor:} 13. Qb3 Qb8 14. Bc4 Qa8 15. Rad1 Bc6 16. Bf1 b5 17. axb5 axb5 18. Bxb5 Bxb5 {½-½ (18) Gonzales,J (2455)-Nolte,R (2412) Tarakan 2008}) 13... Rc8 14. bxc5 bxc5 {[%emt 0:00:05] White has an edge.} 15. Qb3 cxd4 16. exd4 Rb8 {[%emt 0:14:22] And now ...Bxf3 would win.} 17. Qa3 Bh6 (17... Rfe8 $11 {is more appropriate.}) 18. Bf1 $14 Qd8 19. Rab1 Nd5 (19... Bc6 $14) 20. Rb2 ({Better is} 20. c4 $16 Nf4 21. d5) 20... Nf4 21. Bg3 Re8 22. Ne4 Qc7 (22... Nh5 $11) 23. Neg5 $16 Bxf3 24. Bxf4 Rxb2 25. Qxb2 Bd5 26. c4 (26. Bxa6 $16 {White wants to play Bb5.} Rb8 27. Qe2) 26... Bxg5 $11 ({Don't do} 26... Bxc4 27. Qc1 Bxg5 28. Bxc4 $16) 27. Bxg5 Bxc4 28. Bxc4 Qxc4 29. Qb7 Qxa4 30. Rxe7 Rxe7 31. Bxe7 {[%emt 0:00:23][%mdl 4096] Endgame KQB-KQN} Qb5 32. Qc8+ Kg7 33. Bxd6 a5 34. d5 h5 (34... Qb1+ $1 $11 35. Kh2 Qf5) 35. Kh2 $1 $16 {[%emt 0:02:38] White is much more active.} a4 36. Qc3+ ({Reject} 36. Qc6 $6 Qxc6 37. dxc6 Nb6 $15) (36. f3 {is interesting.} h4 37. Qe8 Qb7 38. Qd8) 36... Kh7 37. Qf3 ({Much weaker is} 37. Qc6 $6 Qxc6 38. dxc6 Nb6 $11) 37... Kg7 38. Ba3 $2 {[%emt 0:01:24] [#]} (38. Qe4 $1 $16 {stays on course.}) 38... Qb3 $1 $17 39. Kg3 Qxf3+ (39... g5 $17 {Hoping for ...h4+.} 40. Qxb3 axb3) 40. Kxf3 {[%emt 0:00:19] KB-KN} Nb6 41. Ke4 Nc4 {[%emt 0:00:12] [#]} (41... Nd7 $11 {remains equal.}) 42. d6 $1 Nb6 $11 {[%emt 0:00:47] The position is equal.} (42... Nxa3 $2 43. d7 Nb5 44. d8=Q $18) 43. Ke5 Nd7+ (43... Nc4+ $2 44. Kd4 Nb6 45. Kc5 Nd7+ 46. Kc6 $18) 44. Kd5 {[%emt 0:00:11] Black must now prevent Kc6.} Kf6 45. g4 hxg4 46. hxg4 Kg5 47. Kc6 Nf8 48. Kb5 Kxg4 49. Kxa4 Kf5 50. Kb5 Ke6 51. Kc6 g5 52. Bc1 f6 53. Kc7 Nd7 54. Ba3 Ne5 55. Bb2 Nd7 56. Bc3 f5 57. Bd2 Nf6 58. Kc6 f4 59. Bc3 {[%emt 0:00:23] White wants to mate with Bxf6.} Nd7 60. f3 Nb8+ 61. Kc7 Na6+ 62. Kc6 Nb8+ 63. Kc7 Na6+ 64. Kc6 Nb8+ 65. Kb7 Kxd6 {[%emt 0:00:09] ...Nd7 is the strong threat.} 66. Kxb8 Ke6 67. Kc7 {[%emt 0:00:18] Weighted Error Value: White=0.18 (very precise) /Black=0.14 (very precise)} 1/2-1/2

[Event "87th Spanish Championship 2022"]
[Site "Linares"]
[Date "2022.08.13"]
[Round "4.29"]
[White "Garcia Gimenez, Santiago"]
[Black "Medarde Santiago, Luis Marcos"]
[Result "0-1"]
[ECO "A04"]
[WhiteElo "2193"]
[BlackElo "2330"]
[Annotator "TA"]
[PlyCount "144"]
[EventDate "2022.08.11"]
[EventType "swiss"]
[EventCountry "ESP"]
[SourceTitle "playchess.com"]
[Source "ChessBase"]
[SourceQuality "1"]
[TimeControl "5400+30"]

1. Nf3 c5 2. g3 Nc6 3. d4 cxd4 4. Nxd4 g6 5. Bg2 Bg7 6. Nxc6 bxc6 7. O-O Rb8 8. c3 Qa5 {[%emt 0:09:55] A04: Unusual lines after 1 Nf3 and King's Indian Attack.} 9. Nd2 {[%emt 0:01:43][%cal Bb1d2,Bd2b3,Bb3c5][%mdl 32] [#]} Ba6 $146 ({Predecessor:} 9... Nf6 10. Nb3 Qb5 11. Bf4 d6 12. Nd4 Qxb2 13. Nxc6 Rb6 14. Bxd6 Bd7 15. Rb1 Qxa2 16. Rxb6 axb6 17. Bxe7 {1-0 (25) El Kher,H (2372)-Sorensen,T (2340) Taastrup 2001}) 10. Nb3 Qc7 {[%emt 0:02:46] White is slightly better.} 11. Re1 Nf6 12. e4 d6 {[%emt 0:00:11] Prevents Nc5.} 13. e5 dxe5 14. Nc5 Bc8 {[%emt 0:09:05] [#]} 15. Rxe5 $1 Nd5 (15... Qxe5 $2 16. Bxc6+ Nd7 17. Nxd7 $18) (15... O-O 16. Re1) 16. Re1 {[%emt 0:02:51] Hoping for c4.} O-O 17. Qe2 (17. Bxd5 cxd5 18. Nb3 (18. Qxd5 Rb5 $17) 18... Rd8 $15) 17... Qa5 (17... Qb6 $5 18. Qc4 Bf5 $11) 18. Bxd5 Qxc5 19. Bb3 e5 20. Be3 Qe7 21. Qc4 Qc7 22. Bc5 Rd8 23. Red1 Be6 24. Qa4 ({White should play} 24. Rxd8+ $16 Rxd8 25. Qa4) 24... Bxb3 (24... Bd5 {feels hotter.} 25. Qxa7 Qc8 26. Bb4 h5) 25. axb3 Rxd1+ 26. Rxd1 Bf8 $1 27. Bxf8 ({Reject} 27. Qxa7 Qxa7 28. Bxa7 Rxb3 $11) (27. Bxa7 {with more complications.} Ra8 28. Bb6 Qb7 29. Qc4) 27... Kxf8 $14 {[%emt 0:00:30][%mdl 4096] Endgame KQR-KQR} 28. b4 Kg7 29. Rd2 Rb5 30. Qd1 Rb7 (30... c5 $1 $11 {remains equal.}) 31. Qf3 Rb8 32. g4 Re8 33. g5 Qe7 {[%emt 0:01:13] Prevents Qf6+.} 34. h4 e4 35. Qf4 (35. Qe3 {feels hotter.} Qe5 36. Kg2 a5 37. bxa5 Qxa5 38. Rd6) 35... Qe5 36. Qxe5+ Rxe5 {[%emt 0:00:00] KR-KR} 37. Re2 f5 38. gxf6+ Kxf6 39. b3 Kf5 40. Ra2 Re7 41. Ra6 Rc7 42. h5 gxh5 43. Ra5+ Kg4 44. Re5 (44. Rc5 $1 $11 {is superior.}) 44... Kf3 $1 $17 45. Rxh5 {[%emt 0:00:12] [#]} Ke2 $1 {And now ...Rg7+ would win.} 46. Re5 ({White should try} 46. Rf5) 46... Rg7+ 47. Kh2 Rg4 48. Rf5 Kd2 (48... Kf1 $5 49. Kh3 Rg2 $17) 49. Rc5 $2 {[%mdl 8192] Black keeps a firm grip on the game.} (49. c4 $11 {and White is okay.}) 49... Rg6 $2 (49... Rf4 $19 50. Kg2 Ke2 51. Rxc6 Rxf2+ 52. Kg1 Rf4) 50. c4 {[%emt 0:01:20] [#]} (50. Re5 $17) 50... Rf6 $1 $19 51. Kg1 (51. Kg3) 51... Ke2 {[%emt 0:01:17] aiming for ...Rg6+.} 52. Re5 (52. b5 $142 cxb5 53. Rxb5) 52... Rf4 {White must now prevent ...Rg4+.} 53. b5 cxb5 54. c5 $2 (54. Rxb5 Rg4+ 55. Kh2) 54... Rg4+ 55. Kh2 Kxf2 56. Rf5+ Ke2 57. c6 a6 ({But not} 57... Rg7 $2 58. Rxb5 Rc7 59. Re5 $19) 58. c7 Rg8 59. Rc5 Rc8 60. Kg3 Ke3 61. b4 Kd4 62. Kf4 e3 {[%emt 0:00:15] ...e2 is the strong threat.} 63. Kf3 Kd3 64. Rd5+ Kc4 65. Rd7 Kxb4 66. Kxe3 Kc5 67. Rxh7 Kb6 68. Rh6+ Kb7 69. Kd4 Rxc7 70. Rg6 Rc6 71. Rg7+ Kb6 72. Rg8 Ka5 {[%emt 0:00:06] Weighted Error Value: White=0.61/Black=0.28 (precise)} 0-1

[Event "87th Spanish Championship 2022"]
[Site "Linares"]
[Date "2022.08.13"]
[Round "4.30"]
[White "Domingo Nunez, Ruben"]
[Black "Centeno Mendoza, Julio Stefano"]
[Result "1-0"]
[ECO "A06"]
[WhiteElo "2361"]
[BlackElo "2148"]
[Annotator "TA"]
[PlyCount "85"]
[EventDate "2022.08.11"]
[EventType "swiss"]
[EventCountry "ESP"]
[SourceTitle "playchess.com"]
[Source "ChessBase"]
[SourceQuality "1"]
[TimeControl "5400+30"]

1. Nf3 d5 2. b3 Nf6 3. Bb2 e6 4. g3 Be7 5. Bg2 O-O 6. O-O c5 7. e3 Nc6 8. d4 b6 {[%emt 0:03:14] D02: 1 d4 d5 2 Nf3 sidelines, including 2...Nf6 3 g3 and 2...Nf6 3 Bf4.} 9. Ne5 {[%emt 0:01:06] 9.c4 is the modern continuation.} Bb7 {[%emt 0:10:08] [#]} 10. Qe2 $146 ({Predecessor:} 10. Nxc6 Bxc6 11. c4 cxd4 12. Qxd4 Rc8 13. Nd2 dxc4 14. Bxc6 Rxc6 15. Nxc4 Qa8 16. a4 {0-1 (81) Suarez Garcia,C (2469)-Mareco,S (2649) Santiago de Compostela 2018}) 10... Qc7 11. Nxc6 Bxc6 12. dxc5 bxc5 13. c4 Rfd8 (13... dxc4 {looks sharper.} 14. Bxc6 Qxc6 15. Qxc4 Rfd8) 14. Nc3 a6 15. Rfd1 (15. cxd5 $11 exd5 16. Rfd1) 15... Rac8 ({Better is} 15... d4 $15 16. Na4 Bxg2 17. Kxg2 e5) 16. Rac1 ({White should try} 16. cxd5 $14 exd5 17. Rac1) 16... Qb6 (16... d4 $15 17. Nb1 Bxg2 18. Kxg2 e5) 17. cxd5 $14 exd5 18. Qc2 (18. Qe1 $14) 18... d4 $11 {[%emt 0:24:45] Threatens to win with ...Bxg2.} 19. Ne4 Bxe4 20. Bxe4 dxe3 21. fxe3 Nxe4 22. Qxe4 Bf6 23. Bxf6 Qxf6 24. Rf1 Qb6 25. Qc4 Rd7 26. Rf5 g6 (26... Qh6 {feels hotter.} 27. Re1 Qc6 28. Ref1 Qb7) 27. Rd5 (27. Rf4 {with more complications.} Qb7 28. Rcf1 a5 29. Qc3) 27... Rxd5 28. Qxd5 {[%emt 0:00:04][%mdl 4096] Endgame KQR-KQR} Rd8 29. Qe5 Qb4 30. Qe7 Qd2 31. Rf1 Qd5 (31... Rf8 $11 {keeps the balance.}) 32. Rxf7 $1 $16 Qd1+ $2 (32... Qxf7 $16 33. Qxd8+ Kg7) 33. Rf1 $18 Qd5 {[%emt 0:00:04] Against Qe6+} (33... Qd3 34. Kg2 (34. Qxc5 Re8 $18) 34... Qd5+ 35. e4 Qd2+ 36. Rf2 Qd4) 34. e4 Qd4+ 35. Kg2 ({Weaker is} 35. Kh1 Ra8 36. Kg2 a5 37. Qe6+ Kh8 $18) 35... a5 36. h4 {[%emt 0:02:38][%cal Oh4h5] And now h5! would win.} a4 $2 (36... Rb8 37. Rf2 Qc3) 37. h5 {[%emt 0:05:52] Threatening mate with h6.} gxh5 38. Rf5 axb3 39. axb3 h4 40. Rg5+ Kh8 {[%emt 0:00:06] [#]} 41. Rd5 $2 (41. Rg7 $1 $18 Qb2+ (41... Qxg7 42. Qxd8+) 42. Kh3 Qxg7 43. Qxd8+ Qg8 44. Qxg8+ Kxg8 45. gxh4) 41... Qb2+ $11 42. Kh3 {[%emt 0:00:01][%cal Rd5d8] Really sharp!} Rg8 43. Rd8 {[%mdl 32768] Weighted Error Value: White=0.30/Black=0.44. Loss on time!?} (43. Rxc5 $2 {gets mated.} Rxg3+ 44. Kxh4 Qh2#) 1-0

[Event "87th Spanish Championship 2022"]
[Site "Linares"]
[Date "2022.08.13"]
[Round "4.31"]
[White "Domingo Nunez, Alejandro"]
[Black "Rey Martinez, Jaime"]
[Result "1-0"]
[ECO "B40"]
[WhiteElo "2335"]
[BlackElo "2117"]
[Annotator "TA"]
[PlyCount "83"]
[EventDate "2022.08.11"]
[EventType "swiss"]
[EventCountry "ESP"]
[SourceTitle "playchess.com"]
[Source "ChessBase"]
[SourceQuality "1"]
[TimeControl "5400+30"]

1. e4 c5 2. Nf3 e6 3. g3 Nc6 4. Bg2 Nf6 5. Qe2 e5 6. O-O {[%emt 0:00:11] B40: Sicilian: 2...e6, Unusual lines.} d6 7. c3 Bg4 8. Na3 {[%emt 0:01:37] White is slightly better.} Be7 9. Nc2 (9. h3 $5 Be6 10. b3 $11) 9... O-O 10. h3 Bh5 {[%emt 0:00:30] [#]} 11. d4 $146 ({Predecessor:} 11. d3 Ne8 12. Ne3 Nc7 13. Qc2 d5 14. exd5 Nxd5 15. Nxd5 Qxd5 16. Nd4 Nxd4 17. cxd4 Qxd4 18. Bxb7 {½-½ (34) Letelier Garcia,F (2000)-Duarte Mermow,M (2364) Santiago de Chile 2009}) 11... cxd4 12. cxd4 Rc8 13. d5 Nb8 ({Much less strong is} 13... Nd4 14. Ncxd4 exd4 15. g4 $16) 14. Na3 Na6 15. Qe3 (15. g4 $5 Bg6 16. Ne1 $11) 15... Qd7 16. Nd2 Bd8 17. g4 Bb6 (17... Bg6 $1 $11) 18. Qe2 $1 $14 Bg6 19. Ndc4 Bd8 20. f3 Ne8 ({Black should try} 20... Nc5 $11) 21. Be3 b5 22. Nd2 Rb8 (22... Nec7 $14) 23. Rfc1 $16 Bb6 24. Bxb6 Rxb6 25. Nb3 Nec7 26. Qd2 Rfb8 (26... f6 $16 {is a better defense.} 27. Nc2 Nc5) 27. Na5 $18 f6 28. Nc6 R8b7 (28... Ra8 $16 {might work better.} 29. b4 Be8) 29. Qe3 Nc5 (29... Be8 $16 30. Rc2 Bg6) 30. b4 Na4 31. Qb3 a6 32. Rc2 Na8 33. Rac1 Be8 {[%emt 0:00:09] [#]} 34. Na5 ({White should play} 34. Nc4 $1 $18 ) 34... Rb8 $16 35. Nb1 $36 {[%cal Ba3b1,Bb1d2,Bd2b3,Bb3a5,Ba5c6][%mdl 2080] White has strong initiative. White is more active.} R6b7 {Loses the game.} 36. Nxb7 $18 Qxb7 37. Qe3 N4b6 38. Nd2 {[%emt 0:00:12] Inhibits Nc4.} Nc8 39. Nb3 Ne7 40. Na5 Qd7 41. Nc6 Rb7 42. Qa3 {[%emt 0:00:59] Weighted Error Value: White=0.12 (very precise) /Black=0.29 (precise)} 1-0